 Dungeon Crawl Stone Soup version 0.16.0-17-g811c1d7 (webtiles) character file.

1561 Sorcv the Covert (level 9, -6/46 HPs)
             Began as a Kobold Enchanter on Mar 20, 2015.
             Was an Initiate of Ashenzari.
             Blown up by Pikel (18 damage)
             ... with a wand of disintegration
             ... on level 7 of the Dungeon.
             The game lasted 00:18:46 (3623 turns).

Sorcv the Covert (Kobold Enchanter)                 Turns: 3623, Time: 00:18:46

Health: -6/46      AC:  6    Str:  6    XL:     9   Next: 13%
Magic:  15/20      EV: 19    Int: 13    God:    Ashenzari [......]
Gold:   236        SH:  0    Dex: 20    Spells: 4 memorised, 7 levels left

rFire  x . .     SeeInvis .     a - +1 dagger (flame)
rCold  + + .     Clarity  .     r - +0 robe {rC+}
rNeg   . . .     SustAb   .     (no shield)
rPois  .         Gourm    .     h - +1 helmet
rElec  .         Spirit   .     s - +0 cloak (curse)
rCorr  .         Warding  .     q - +0 pair of gloves
rMut   .         Stasis   .     (no boots)
MR     .....                    (no amulet)
Stlth  ++++++....               (no ring)
                                n - ring of ice

@: not resistant to hostile enchantments, very stealthy
A: carnivore 3
a: Renounce Religion


You were on level 7 of the Dungeon.
You worshipped Ashenzari.
Ashenzari was noncommittal.
You were full.

You visited 2 branches of the dungeon, and saw 8 of its levels.

You collected 236 gold pieces.

Inventory:

Hand weapons
 a - a +1 dagger of flaming (weapon)
Missiles
 t - 2 throwing nets (quivered)
Armour
 b - a +1 robe
 h - a +1 helmet (worn)
 m - a +0 cloak
 q - a +0 pair of gloves (worn)
 r - a +0 robe of cold resistance (worn)
 s - a cursed +0 cloak (worn)
Jewellery
 n - a ring of ice (left hand)
 o - an uncursed amulet of stasis
Scrolls
 f - a scroll of immolation
 g - 4 scrolls of amnesia
 j - a scroll of teleportation
 k - 2 scrolls of remove curse
 l - a scroll of identify
Potions
 e - 3 potions of cure mutation
 i - a potion of might
 p - 2 potions of poison
 v - a potion of curing
Books
 c - a book of Maledictions

   Spells                             Type                      Level
   a - Corona                         Hexes                        1
   b - Sure Blade                     Hexes/Charms                 2
   c - Ensorcelled Hibernation        Hexes/Ice                    2
   d - Confuse                        Hexes                        3
   e - Dazzling Spray                 Conjuration/Hexes            3
   f - Enslavement                    Hexes                        4
Comestibles
 d - 3 meat rations


   Skills:
 - Level 0.4 Fighting
 - Level 2.9 Short Blades
 * Level 5.5 Dodging
 * Level 11.0 Stealth
 - Level 4.2 Spellcasting
 - Level 5.5 Hexes
 - Level 1.0 Ice Magic


You had 7 spell levels left.
You knew the following spells:

 Your Spells              Type           Power        Failure   Level  Hunger
a - Corona                Hex            ###....      1%          1    None
b - Ensorcelled Hibernat  Hex/Ice        ###...       10%         2    ##.....
c - Confuse               Hex            ###.....     8%          3    ###....
d - Dazzling Spray        Conj/Hex       #.......     21%         3    ###....


Dungeon Overview and Level Annotations

Branches:
Dungeon (7/15)             Temple (1/1) D:4

Altars:
Ashenzari
Cheibriados
Dithmenos
Elyvilon
Fedhas
Gozag
Kikubaaqudgha
Makhleb
Nemelex Xobeh
Okawaru
Qazlal
Ru
Sif Muna
Trog
Vehumet
Xom
Yredelemnul
Zin
The Shining One

Annotations:
D:7 Pikel


Innate Abilities, Weirdness & Mutations

You are small and have problems with some larger weapons.
You are carnivorous and can eat meat at any time.


Message History

You hit Pikel. You burn Pikel.
Pikel is moderately wounded.
Pikel misses the slave.
You hit Pikel. You burn Pikel.
Pikel is heavily wounded.
Pikel hits the slave with a whip of flaming.
Pikel burns the slave.
You hit Pikel but do no damage.
Pikel is heavily wounded.
Pikel completely misses you.
You hit Pikel but do no damage.
Pikel is heavily wounded.
Pikel hits the slave with a whip of flaming.
Pikel burns the slave.
You hit Pikel but do no damage.
Pikel is heavily wounded.
You hit Pikel. You burn Pikel.
Pikel is severely wounded.
Pikel zaps a wand.
You are blasted!
You die...

####### #.......
#.......#
###############.......##
#.......[.@Kpp...........
.######.#######.......#
##.#######.......#
#.....†...#......#
#..#######.##.#### #..#
#.# .. #..# #.# ## #.#.
#.# .# # #.##########


You could see Pikel (confused) and 2 slaves.

Vanquished Creatures
  Edmund (D:6)
  A black bear (D:3)
  2 slaves (D:7)
  A phantom (D:6)
  2 ogres
  A centaur (D:6)
  Sigmund (D:6)
  Duvessa (D:6)
  3 giant frogs (D:6)
  A wight (D:6)
  A crimson imp (D:5)
  Dowan (D:6)
  2 hounds
  Crazy Yiuf (D:6)
  An orc wizard (D:6)
  An orc priest (D:6)
  2 iguanas (D:4)
  A worker ant (D:4)
  A killer bee zombie (D:4)
  Terence (D:2)
  Robin (D:2)
  8 gnolls
  13 adders
  2 giant mites
  3 worms
  An ooze (D:2)
  5 giant geckos
  9 orcs
  4 bats
  3 giant cockroaches
  15 goblins
  6 hobgoblins
  3 quokkas (D:6)
  A giant gecko skeleton (D:5)
  5 giant newts
  4 jackals (D:3)
  6 kobolds
  13 rats
128 creatures vanquished.

Notes
Turn   | Place    | Note
--------------------------------------------------------------
     0 | D:1      | Sorcv, the Kobold Enchanter, began the quest for the Orb.
     0 | D:1      | Reached XP level 1. HP: 10/10 MP: 3/3
   205 | D:1      | Reached XP level 2. HP: 12/15 MP: 4/4
   746 | D:2      | Noticed Terence
   761 | D:2      | Killed Terence
   761 | D:2      | Reached XP level 3. HP: 3/19 MP: 6/6
   838 | D:2      | Reached XP level 4. HP: 10/24 MP: 7/7
   848 | D:2      | Learned a level 2 spell: Ensorcelled Hibernation
   852 | D:2      | Learned a level 3 spell: Confuse
  1068 | D:2      | Noticed Robin
  1080 | D:2      | Killed Robin
  1247 | D:2      | Found a bloodstained altar of Trog.
  1278 | D:3      | Reached skill level 5 in Stealth
  1278 | D:3      | Reached XP level 5. HP: 25/28 MP: 9/9
  1312 | D:3      | Noticed a black bear
  1320 | D:3      | Killed a black bear
  1320 | D:3      | Reached skill level 6 in Stealth
  1320 | D:3      | Reached XP level 6. HP: 33/33 MP: 8/11
  1516 | D:3      | Found a shadowy altar of Dithmenos.
  1903 | D:4      | Found a staircase to the Ecumenical Temple.
  1916 | D:4      | Reached skill level 1 in Ice Magic
  1932 | Temple   | Entered the Ecumenical Temple
  1962 | Temple   | Became a worshipper of Ashenzari the Shackled
  1994 | D:4      | Reached XP level 7. HP: 37/37 MP: 13/13
  2005 | D:4      | Reached skill level 7 in Stealth
  2557 | D:5      | Entered Level 5 of the Dungeon
  2662 | D:5      | Reached skill level 8 in Stealth
  2668 | D:5      | Learned a level 3 spell: Dazzling Spray
  2976 | D:6      | Reached XP level 8. HP: 28/42 MP: 14/16
  3043 | D:6      | Noticed Duvessa
  3046 | D:6      | Noticed Dowan
  3047 | D:6      | Killed Duvessa
  3058 | D:6      | Killed Dowan
  3058 | D:6      | Reached skill level 5 in Hexes
  3254 | D:6      | Reached skill level 9 in Stealth
  3271 | D:6      | Noticed Sigmund
  3287 | D:6      | Killed Sigmund
  3313 | D:6      | Noticed Edmund
  3324 | D:6      | Killed Edmund
  3324 | D:6      | Reached skill level 10 in Stealth
  3431 | D:6      | Reached skill level 5 in Dodging
  3431 | D:6      | Reached XP level 9. HP: 10/46 MP: 10/20
  3531 | D:6      | Noticed Crazy Yiuf
  3537 | D:6      | Killed Crazy Yiuf
  3603 | D:7      | Reached skill level 11 in Stealth
  3609 | D:7      | Noticed Pikel
  3623 | D:7      | Blown up by Pikel

Action                   |  1- 3 |  4- 6 |  7- 9 || total
-------------------------+-------+-------+-------++-------
Melee: Dagger            |    37 |   142 |   234 ||   413
 Cast: Corona            |     1 |       |       ||     1
       Ensorcelled Hiber |       |    11 |    20 ||    31
       Confuse           |       |     2 |     5 ||     7
       Dazzling Spray    |       |       |     1 ||     1
  Use: Potion            |     1 |     1 |     4 ||     6
       Scroll            |       |       |    10 ||    10
 Stab: Sleeping          |     3 |    20 |    20 ||    43
       Confused          |       |     1 |     1 ||     2
       Distracted        |       |       |     1 ||     1
  Eat: Chunk             |     1 |    11 |     5 ||    17
